 Dungeon Crawl Stone Soup version 0.30-a0-782-ge64f9170bb (webtiles) character file.

Game seed: 12035139038791553975

105944 Kuma the Warrior (level 15, -3/216 HPs)
             Began as a Minotaur Berserker on Feb 21, 2023.
             Was the Champion of Trog.
             Slain by Polyphemus (10 damage)
             ... while petrified
             ... on level 2 of the Shoals.
             The game lasted 00:22:52 (21464 turns).

Kuma the Warrior (Minotaur Berserker)              Turns: 21464, Time: 00:22:52

Health: -3/216     AC: 30    Str: 28    XL:     15   Next: 96%
Magic:  11/14      EV:  2    Int:  4    God:    Trog [******]
Gold:   2919       SH:  0    Dex: 15    Spells: 14/14 levels left

rFire   . . .      SeeInvis .    a - +9 broad axe (spect)
rCold   + + .      Faith    .    c - +2 tower shield
rNeg    + + +      Spirit   .    b - +0 shadow dragon scales
rPois   ∞          Reflect  .    (helmet restricted)
rElec   +          Harm     +    i - +1 cloak
rCorr   .          Rampage  .    u - +2 pair of gloves {infuse}
Will    ++...                    M - +3 pair of boots "Rotiuhag" {Will+ Slay+3} Stlth
                                 C - amulet "Wawerag" {RegenMP Harm rElec rF- Dex+4}
HPRegen 0.56/turn                G - +4 ring of slaying
MPRegen 0.54/turn                O - ring "Riwiasese" {rF+ rC++}

@: berserking (expiring), petrified, very slow
A: horns 2, retaliatory headbutt
a: Renounce Religion, Berserk, Trog's Hand, Brothers in Arms


You were on level 2 of the Shoals.
You worshipped Trog.
Trog was exalted by your worship.
You visited 5 branches of the dungeon, and saw 24 of its levels.
You also visited: Ossuary and Bailey.

You collected 3596 gold pieces.
You spent 677 gold pieces at shops.

Inventory:

Hand Weapons
 a - a +9 spectral broad axe (weapon)
 L - the +10 dark maul {heavy}
   (You took it off a two-headed ogre on level 2 of the Orcish Mines)
 Z - the +11 hand axe "Kower" {antimagic, Will+ Str+3 Dex+3 SInv}
   (Trog gifted it to you on level 12 of the Dungeon)

   Str:       It affects your strength (+3).
   Dex:       It affects your dexterity (+3).
   SInv:      It lets you see invisible.
   Will:      It increases your willpower.
Missiles
 B - 4 throwing nets
Armour
 b - +0 shadow dragon scales (worn)
 c - a +2 tower shield (worn)
 i - a +1 cloak (worn)
 u - a +2 pair of gloves of infusion (worn)
 M - the +3 pair of boots "Rotiuhag" (worn) {Will+ Slay+3}
   (You acquired it in a bailey)

   Slay:      It affects your accuracy & damage with ranged weapons and melee
   (+3).
   Will:      It increases your willpower.
Jewellery
 d - an amulet of the acrobat
 e - a ring of willpower
 z - a ring of resist corrosion
 C - the amulet "Wawerag" (around neck) {RegenMP Harm rElec rF- Dex+4}
   (You took it off a gnoll sergeant on level 6 of the Dungeon)

   [amulet of magic regeneration]

   It increases your rate of magic regeneration.
   Dex:       It affects your dexterity (+4).
   rF:        It makes you vulnerable to fire.
   rElec:     It insulates you from electricity.
   Harm:      It increases damage dealt and taken.
 G - a +4 ring of slaying (left hand)
 O - the ring "Riwiasese" (right hand) {rF+ rC++}
   (You bought it in a shop on level 2 of the Orcish Mines)

   [ring of protection from fire]

   rF:        It protects you from fire.
   rC:        It greatly protects you from cold.
 V - a ring of protection from fire
 X - a ring of protection from fire
Wands
 s - a wand of acid (12)
 E - a wand of roots (20)
 K - a wand of polymorph (8)
 P - a wand of flame (34)
 Q - a wand of mindburst (18)
 U - a wand of paralysis (18)
Scrolls
 f - 2 scrolls of immolation
 g - 5 scrolls of fog
 j - 9 scrolls of teleportation
 k - 3 scrolls of noise
 l - 3 scrolls of enchant weapon
 n - 3 scrolls of magic mapping
 o - 8 scrolls of enchant armour
 w - 7 scrolls of vulnerability
 y - a scroll of blinking {unknown}
 H - a scroll of poison
 J - 4 scrolls of fear
 R - a scroll of silence
 W - a scroll of butterflies
Potions
 h - 2 potions of mutation {unknown}
 m - 6 potions of might
 p - 5 potions of degeneration
 q - 3 potions of resistance
 r - 3 potions of haste
 t - 20 potions of curing
 v - a potion of cancellation {unknown}
 x - 3 potions of ambrosia
 A - 4 potions of flight
 D - 5 potions of heal wounds
 F - 5 potions of attraction
 I - 2 potions of magic {unknown}
 N - 3 potions of berserk rage {unknown}
 S - 2 potions of lignification
 T - 2 potions of brilliance {unknown}
 Y - a potion of invisibility {unknown}


   Skills:
 + Level 16.0 Fighting
 + Level 15.3(15.6) Axes
 - Level 4.8(11.1) Maces & Flails
 + Level 15.8 Armour
 + Level 14.5 Dodging
 + Level 15.3 Shields


You had 14 spell levels left.
You didn't know any spells.
Your spell library was empty.

Dungeon Overview and Level Annotations

Branches:
Dungeon (14/15)            Temple (0/1) D:4            Lair (5/5) D:10
 Shoals (2/4) Lair:3       Spider (1/4) Lair:3        Slime (0/5) Lair:4
    Orc (2/2) D:10            Elf (0/3) Orc:2        Vaults (0/5) D:14
Ossuary (visited)          Bailey (visited)

Altars:
Ashenzari
Dithmenos
Elyvilon
Kikubaaqudgha
Makhleb
Nemelex Xobeh
Okawaru
Qazlal
Uskayaw
Vehumet
Wu Jian
Yredelemnul
Jiyva

Shops:
D:10 :   Orc:2 =!=!

Annotations:
Shoals:2 Polyphemus


Innate Abilities, Weirdness & Mutations

You have a pair of horns on your head.
You reflexively headbutt those who attack you in melee.


Message History

You kill the death yak!
Trog accepts your kill.
You slash the manticore!
Your +9 spectral broad axe hits Polyphemus!
You are engulfed in calcifying dust.
You are slowing down.
You block Polyphemus's attack. Polyphemus barely misses you.
The manticore barely misses you. You block the manticore's attack.
The manticore claws you but does no damage.
You chop Polyphemus into pieces!!! You headbutt Polyphemus!
Polyphemus is almost dead.
You slice the manticore!!
You kill the manticore!
Trog accepts your kill.
Your +9 spectral broad axe hits Polyphemus!!
You are engulfed in calcifying dust.
You hear an angry hiss.
You hear a shout!
You block Polyphemus's attack. x2; Your limbs are stiffening.
Unknown command.
Your unstable footing causes you to fumble your attack.
You are engulfed in calcifying dust.
A snapping turtle comes into view.
You block Polyphemus's attack. Polyphemus hits you but does no damage.
Unknown command.
Your unstable footing causes you to fumble your attack.
You are engulfed in calcifying dust.
Your limbs have turned to stone.
You block Polyphemus's attack. Polyphemus hits you.
* * * LOW HITPOINT WARNING * * *
You have turned to stone.
You are engulfed in calcifying dust.
Polyphemus hits you but does no damage. Polyphemus hits you.
* * * LOW HITPOINT WARNING * * *
Polyphemus hits you!!
* * * LOW HITPOINT WARNING * * *
Polyphemus hits you!
* * * LOW HITPOINT WARNING * * *
Polyphemus hits you!
* * * LOW HITPOINT WARNING * * *
Polyphemus hits you!!
You die...

PPP.........~~
P~..>~..~....
P~~~~~~~~~.. .~
PP~~~~~~~~. .~>
≈~~~~~~~~. ..~.
≈≈≈~~~.~.####....
≈≈≈~~~.....#...~#
≈≈≈≈~~~†C........
≈≈≈≈~~†~@§~~~~...
≈≈≈≈~~###†t~~.~~.
≈≈≈~~~ #.~~~~$~..
≈≈≈~~ ...~~~~~~.#
≈≈≈≈~~~~~~~~~~~.#
≈≈≈≈~~~~~~~~~~~~.
≈≈≈≈≈≈~~~≈≈≈~~~~~
≈≈≈≈≈≈≈≈≈≈≈≈~~~
≈≈≈≈≈≈≈≈≈≈≈≈≈≈≈


You could see Polyphemus and a snapping turtle.

Vanquished Creatures
  Frances (Shoals:1)
  Kirke (D:14)
  An emperor scorpion (Spider:1)
  Louise (D:14)
  An orc warlord (Bailey)
  Nessos (D:13)
  Azrael (D:14)
  A dire elephant (Lair:4)
  3 ettins
  An entropy weaver (Spider:1)
  Josephine (Spider:1)
  A merfolk impaler (Shoals:1)
  2 catoblepae
  3 hydras
  4 centaur warriors (D:14)
  Harold (Orc:1)
  2 jorogumos (Spider:1)
  4 two-headed ogres
  5 boulder beetles
  A merfolk aquamancer (Shoals:1)
  A merfolk avatar (Shoals:1)
  An orc high priest (Orc:2)
  The ghost of Jib19100 the Spear-Bearer, a novice MfGl of Yredelemnul (D:8)
  7 death yaks
  Nergalle (D:10)
  A shadow wraith (D:14)
  The ghost of bmj180 the Geomancer, a novice GrEE of Vehumet (D:8)
  4 skysharks
  3 sea snakes
  2 orb spiders (Spider:1)
  The ghost of MCDelver the Arsonist, a novice OpFE of Gozag (D:8)
  6 orc sorcerers
  A deep elf pyromancer (D:14)
  A necromancer (D:14)
  4 harpies (Shoals:1)
  4 orc knights (Orc:2)
  7 wolf spiders
  6 cyclopes
  5 fauns (Shoals:1)
  The ghost of steos the Basher, a novice GrFi of Okawaru (D:6)
  A guardian serpent (Lair:5)
  4 manticores
  Maurice (D:8)
  5 elephants (Lair:4)
  10 black mambas
  2 demonic crawlers (Spider:1)
  A water nymph (Shoals:1)
  A black mamba (shapeshifter) (D:14)
  2 merfolk sirens (Shoals:1)
  2 gargoyles
  2 torpor snails
  Maggie (D:8)
  16 cane toads
  Psyche (D:8)
  3 rime drakes
  2 unseen horrors
  4 komodo dragons
  A tengu conjurer (D:14)
  4 kobold demonologists
  4 merfolk (Shoals:1)
  3 meliai (D:12)
  A polar bear (Lair:5)
  A wind drake (Lair:3)
  7 trolls
  2 hornets (Lair:5)
  11 tarantellas (Spider:1)
  3 dream sheep (Lair:2)
  9 blink frogs (Lair:1)
  12 slime creatures
  6 culicivoras (Spider:1)
  3 snapping turtles (Shoals:1)
  8 jumping spiders
  A shadow (D:12)
  12 wyverns
  3 vampires
  28 yaks
  5 water elementals (Shoals:1)
  5 wraiths
  2 basilisks
  3 hogs (D:14)
  3 fire elementals (D:14)
  12 redbacks
  7 vampire mosquitoes
  3 wargs
  21 water moccasins
  2 acid dragons
  2 hell hounds (D:14)
  14 orc warriors
  6 ice beasts
  9 boggarts (D:14)
  6 ogres
  6 wolves (Lair:1)
  10 centaurs
  3 kobold brigands
  An elf zombie (Ossuary)
  6 bullfrogs
  A scorpion (D:6)
  2 gnoll sergeants
  18 killer bees
  5 howler monkeys
  3 electric eels
  5 hounds
  4 jellies
  3 centaur zombies
  2 gnoll boudas
  22 orc priests
  A water moccasin simulacrum (D:6)
  Terence (D:2)
  An iguana (D:7)
  28 orc wizards
  A boggart zombie (D:12)
  A bullfrog simulacrum (D:6)
  2 mummies (Ossuary)
  Robin (D:2)
  15 gnolls
  7 adders
  A shadow imp (D:5)
  5 white imps
  2 adder zombies (Ossuary)
  3 worms (D:3)
  2 dart slugs (D:4)
  57 orcs
  7 endoplasms
  7 giant cockroaches
  22 goblins
  12 hobgoblins
  3 quokkas
  8 ball pythons
  6 bats
  3 frilled lizards
  A goblin zombie (Ossuary)
  11 hobgoblin zombies (Ossuary)
  2 jackal zombies (Ossuary)
  19 kobolds
  10 kobold zombies (Ossuary)
  5 orc zombies (Ossuary)
  6 rats
  3 rat zombies (Ossuary)
  A plant (Shoals:1)
716 creatures vanquished.

Vanquished Creatures (collateral kills)
  2 fauns (Shoals:1)
  2 orcs (Bailey)
4 creatures vanquished.

Vanquished Creatures (others)
  An orc wizard (D:9)
  28 fungi
  73 plants
102 creatures vanquished.

Grand Total: 822 creatures vanquished

Notes
Turn   | Place    | Note
-------+----------+-------------------------------------------
     0 | D:1      | Kuma the Minotaur Berserker began the quest for the Orb.
     0 | D:1      | Reached XP level 1. HP: 19/19 MP: 0/0
   182 | D:1      | Reached XP level 2. HP: 27/27 MP: 1/1
   435 | D:1      | Reached skill level 4 in Fighting
   771 | D:2      | Noticed Terence
   781 | D:2      | Killed Terence
   782 | D:2      | Reached XP level 3. HP: 15/33 MP: 2/2
   902 | D:2      | Noticed Robin
   906 | D:2      | Reached ** piety under Trog
   911 | D:2      | Killed Robin
   912 | D:2      | Reached XP level 4. HP: 31/41 MP: 3/3
   959 | D:2      | Identified the +11 mace of Optimality {speed, Fragile rF+
                  | Str+2}
  1461 | D:3      | Reached XP level 5. HP: 40/47 MP: 4/4
  1648 | D:3      | Found a broken altar of Ashenzari.
  1753 | D:3      | Reached *** piety under Trog
  1759 | D:3      | Reached skill level 1 in Maces & Flails
  2126 | D:4      | Found a staircase to the Ecumenical Temple.
  2131 | D:4      | Reached skill level 5 in Fighting
  2209 | D:4      | Found a hide-covered altar of Uskayaw.
  2213 | D:4      | Found a radiant altar of Vehumet.
  2216 | D:4      | Found an ornate altar of the Wu Jian Council.
  2283 | D:4      | Reached skill level 1 in Shields
  2283 | D:4      | Reached XP level 6. HP: 52/56 MP: 5/5
  2296 | D:4      | Reached skill level 5 in Axes
  2314 | D:4      | Found a sparkling altar of Nemelex Xobeh.
  2558 | D:5      | Entered Level 5 of the Dungeon
  2736 | D:5      | Found an iron altar of Okawaru.
  2757 | D:5      | Found an ancient bone altar of Kikubaaqudgha.
  3180 | D:6      | Found a runed translucent gate.
  3180 | D:6      | Found a runed translucent gate.
  3250 | D:6      | Reached XP level 7. HP: 57/61 MP: 6/6
  3261 | D:6      | Reached skill level 5 in Armour
  3263 | D:6      | Reached **** piety under Trog
  3274 | D:6      | Reached skill level 6 in Fighting
  3660 | D:6      | Identified the amulet "Wawerag" {RegenMP Harm rElec rF-
                  | Dex+4}
  3672 | D:6      | Reached skill level 5 in Dodging
  3722 | D:6      | Reached XP level 8. HP: 71/71 MP: 7/7
  3906 | D:6      | Found a runed translucent gate.
  3965 | D:6      | Noticed steos's ghost (novice GrFi)
  4275 | D:6      | Reached skill level 7 in Fighting
  4277 | D:6      | Killed steos's ghost
  4278 | D:6      | Reached skill level 5 in Shields
  4285 | D:6      | Reached XP level 9. HP: 79/79 MP: 8/8
  4443 | D:7      | Found a sand-covered staircase.
  4448 | Ossuary  | Entered an ossuary
  4603 | Ossuary  | Reached ***** piety under Trog
  4764 | D:7      | Found a white marble altar of Elyvilon.
  4946 | D:7      | Found a flagged portal.
  4961 | Bailey   | Entered a bailey
  4966 | Bailey   | Noticed an orc warlord
  4999 | Bailey   | Reached skill level 8 in Fighting
  5038 | Bailey   | Found a runed translucent gate.
  5041 | Bailey   | Found a runed translucent gate.
  5043 | Bailey   | Found a runed translucent gate.
  5160 | Bailey   | Killed an orc warlord
  5210 | Bailey   | Identified the ring "Wizuiss" {rC+ Dex+4}
  5212 | Bailey   | Acquired 1281 gold pieces
  5214 | Bailey   | Acquired the +3 pair of boots "Rotiuhag" {Will+ Slay+3}
  5216 | Bailey   | Acquired a +2 pair of gloves of infusion
  6037 | D:8      | Found a shadowy altar of Dithmenos.
  6050 | D:8      | Noticed Maggie
  6056 | D:8      | Killed Maggie
  6057 | D:8      | Reached XP level 10. HP: 66/90 MP: 7/9
  6185 | D:8      | Found a burning altar of Makhleb.
  6234 | D:8      | Noticed Psyche
  6239 | D:8      | Killed Psyche
  6239 | D:8      | Received a gift from Trog
  6240 | D:8      | Reached skill level 9 in Fighting
  6304 | D:8      | Found a runed translucent gate.
  6305 | D:8      | Found a runed translucent gate.
  6305 | D:8      | Found a runed translucent gate.
  6306 | D:8      | Noticed bmj180's ghost (novice GrEE)
  6307 | D:8      | Noticed Jib19100's ghost (novice MfGl)
  6307 | D:8      | Noticed MCDelver's ghost (novice OpFE)
  6317 | D:8      | Killed MCDelver's ghost
  6319 | D:8      | Killed Jib19100's ghost
  6320 | D:8      | Killed bmj180's ghost
  6431 | D:8      | Noticed Maurice
  6473 | D:8      | Killed Maurice
  6719 | D:8      | Noticed a two-headed ogre
  6725 | D:8      | Killed a two-headed ogre
  6780 | D:9      | Reached skill level 10 in Fighting
  6946 | D:9      | Found a stormy altar of Qazlal.
  6954 | D:9      | Reached XP level 11. HP: 88/99 MP: 8/10
  7387 | D:10     | Entered Level 10 of the Dungeon
  7416 | D:10     | Noticed Nergalle
  7424 | D:10     | Killed Nergalle
  7526 | D:10     | Found a staircase to the Lair.
  7546 | D:10     | Found Erokkomio's Book Emporium.
  7584 | D:10     | Reached skill level 10 in Armour
  7760 | D:10     | Found a staircase to the Orcish Mines.
  7917 | Orc:1    | Entered Level 1 of the Orcish Mines
  7917 | Orc:1    | Noticed an orc sorcerer
  7921 | Orc:1    | Killed an orc sorcerer
  7965 | Orc:1    | Noticed Harold
  7976 | Orc:1    | Killed Harold
  8118 | Orc:1    | Noticed an orc sorcerer
  8122 | Orc:1    | Killed an orc sorcerer
  8271 | Lair:1   | Entered Level 1 of the Lair of Beasts
  8282 | Lair:1   | Reached skill level 11 in Fighting
  8482 | Lair:1   | Reached skill level 10 in Axes
  8488 | Lair:1   | Reached skill level 10 in Shields
  8556 | Lair:1   | Reached skill level 10 in Dodging
  8595 | Lair:1   | Reached XP level 12. HP: 106/110 MP: 8/11
  9136 | Lair:2   | Noticed a six-headed hydra
  9142 | Lair:2   | Killed an eight-headed hydra
  9533 | Lair:2   | Reached skill level 12 in Fighting
 10229 | D:11     | Noticed a two-headed ogre
 10236 | D:11     | Killed a two-headed ogre
 10318 | D:11     | Noticed a boulder beetle
 10325 | D:11     | Killed a boulder beetle
 10440 | D:11     | Noticed a boulder beetle
 10457 | D:11     | Killed a boulder beetle
 10991 | Lair:3   | Found a staircase to the Shoals.
 11008 | Lair:3   | Received a gift from Trog
 11231 | Lair:3   | Noticed a six-headed hydra
 11749 | Lair:3   | Found a hole to the Spider Nest.
 11790 | Lair:3   | Killed a nine-headed hydra
 11791 | Lair:3   | Reached XP level 13. HP: 105/119 MP: 6/12
 12325 | Lair:4   | Reached skill level 13 in Fighting
 12397 | Lair:4   | Noticed a dire elephant
 12419 | Lair:4   | Killed a dire elephant
 12912 | Lair:4   | Found a viscous altar of Jiyva.
 12912 | Lair:4   | Found a staircase to the Slime Pits.
 13752 | D:12     | Identified the +11 hand axe "Kower" {antimagic, Will+ Str+3
                  | Dex+3 SInv} (Trog gifted it to you on level 12 of the
                  | Dungeon)
 13752 | D:12     | Received a gift from Trog
 14059 | D:12     | Found a basalt altar of Yredelemnul.
 14406 | Lair:5   | Entered Level 5 of the Lair of Beasts
 14434 | Lair:5   | Paralysed by a hornet for 1 turns
 14462 | Lair:5   | Reached ****** piety under Trog
 14465 | Lair:5   | Reached XP level 14. HP: 106/130 MP: 1/13
 14743 | Lair:5   | Reached skill level 14 in Fighting
 14814 | Lair:5   | Identified the +2 battleaxe "Dragonbane" {venom, Str+3
                  | Int-5 SInv}
 15967 | D:13     | Identified the +7 quarterstaff "Ipoeraleikh" {flame, rElec
                  | Will- Str+3} (Trog gifted it to you on level 13 of the
                  | Dungeon)
 15967 | D:13     | Received a gift from Trog
 16320 | D:13     | Noticed Nessos
 16855 | D:13     | HP: 2/132 [poisoned by Nessos]
 16859 | D:13     | Killed Nessos
 17505 | D:14     | Noticed Louise
 17517 | D:14     | Killed Louise
 17717 | D:14     | Noticed Azrael
 17724 | D:14     | Killed Azrael
 18001 | D:14     | Noticed Kirke
 18005 | D:14     | Noticed a sphinx
 18011 | D:14     | Killed Kirke
 18108 | D:14     | Identified the +10 demon trident of Qecaf {heavy, rN+ Will-
                  | Str+3 Dex+2} (Trog gifted it to you on level 14 of the
                  | Dungeon)
 18108 | D:14     | Received a gift from Trog
 18128 | D:14     | Found a gate to the Vaults.
 18453 | Orc:2    | Entered Level 2 of the Orcish Mines
 18707 | Orc:2    | Reached skill level 15 in Fighting
 18707 | Orc:2    | Reached XP level 15. HP: 100/141 MP: 12/14
 19213 | Orc:2    | Found Iwaonn's Distillery.
 19213 | Orc:2    | Found Zohuv's Jewellery Shop.
 19213 | Orc:2    | Found Felaih's Distillery.
 19220 | Orc:2    | Received a gift from Trog
 19247 | Orc:2    | Found Redug's Jewellery Boutique.
 19250 | Orc:2    | Bought a potion of heal wounds for 65 gold pieces
 19254 | Orc:2    | Bought the ring "Riwiasese" {rF+ rC++} for 495 gold pieces
 19261 | Orc:2    | Bought a potion of flight for 39 gold pieces
 19261 | Orc:2    | Bought a potion of attraction for 39 gold pieces
 19261 | Orc:2    | Bought a potion of lignification for 39 gold pieces
 19495 | Orc:2    | Found a staircase to the Elven Halls.
 19842 | Spider:1 | Entered Level 1 of the Spider Nest
 19844 | Spider:1 | Noticed Josephine
 19853 | Spider:1 | Killed Josephine
 19865 | Spider:1 | Noticed an emperor scorpion
 19871 | Spider:1 | Killed an emperor scorpion
 19944 | Spider:1 | Reached skill level 15 in Armour
 20732 | Shoals:1 | Entered Level 1 of the Shoals
 20766 | Shoals:1 | Received a gift from Trog
 20797 | Shoals:1 | Reached skill level 15 in Axes
 20797 | Shoals:1 | Reached skill level 15 in Shields
 21128 | Shoals:1 | Noticed Frances
 21137 | Shoals:1 | Killed Frances
 21415 | Shoals:1 | Reached skill level 16 in Fighting
 21434 | Shoals:1 | You fall into a shaft and drop 1 floor!
 21437 | Shoals:2 | Noticed Polyphemus
 21464 | Shoals:2 | HP: 7/216 [Polyphemus (4)]
 21464 | Shoals:2 | Slain by Polyphemus

Illustrated notes

Levels and vault maps discovered:
D:1:      minmay_arrival_shoal_huts, layout_basic
D:2:      layout_rooms, uniq_robin, uniq_terence
D:3:      wander_river, layout_loops_ring, evilmike_ruin_ashenzari,
          minmay_misc_feat_alley, kennysheep_nondescript,
          minmay_fractal_squares_gapless_5
D:4:      layout_rooms, old_standard_altar, grunt_temple_overflow_diamond,
          minmay_temple_entry_mist
D:5:      layout_rooms, mainiacjoe_overflow_catwalk_spiral
D:6:      hellmonk_ruined_rings, layout_basic, gammafunk_ghost_icy, st_stairs_4
D:7:      layout_gridville, nicolae_elyvilon_temple_path, enter_ossuary_2,
          enter_bailey_6
D:8:      layout_loops_ring, mainiacjoe_overflow_surrounded_room,
          mainiacjoe_overflow_paths, gammafunk_ghost_cemetery, uniq_psyche,
          uniq_maurice, uniq_maggie
D:9:      layout_cave_pools, nicolae_qazlal_style_of_elements, minivault_5
D:10:     layout_roguey, dpeg_oklobed_lair, orc_0_dummy, serial_shops,
          nicolae_shop_window_shopping, uniq_nergalle
D:11:     layout_loops_ring
D:12:     layout_basic, lemuel_zombie_altar_yredelemnul
D:13:     layout_basic, uniq_nessos
D:14:     layout_stronghold, david_vaults_4, chequers_serial_rivers_marsh,
          uniq_azrael, uniq_kirke, uniq_louise
Lair:1:   layout_cave_shapes, minmay_stone_trees_small
Lair:2:   layout_layer_cave
Lair:3:   layout_cave_shapes, minmay_shoals_entry_beasts,
          spider_nest_entry_funnel_web, infiniplex_staircase_pool
Lair:4:   layout_roguey, slime_entry_1, fungi_pond_lemuel, st_stairs_12,
          nicolae_lair_grazing_beasts [nicolae_sub_lair_graze_edge,
          nicolae_sub_lair_graze_edge, nicolae_sub_lair_graze_edge,
          nicolae_sub_lair_graze_edge], serial_bayou_shore_b
Lair:5:   hangedman_lair_tendril_chambers, layout_layer_cave
Shoals:1: cheibrodos_shoals_baths, layout_shoals, uniq_frances
Shoals:2: layout_shoals, uniq_polyphemus, uniq_ilsuiw
Spider:1: layout_spider_delve, uniq_josephine
Orc:1:    layout_diamond_mine, david_defended_altar_orc, uniq_harold
Orc:2:    st_orc_mages, layout_caves, hellmonk_guarded_unrand_dark_maul

Skill      XL: |  1  2  3  4  5  6  7  8  9 10 11 12 13 14 15 |
---------------+----------------------------------------------+-----
Fighting       | 4 5 6 7 8 10 11 12 13 15 16 | 16.0
Axes           | 4 5 6 7 8 10 11 12 14 15 | 15.3
Armour         | 3 4 5 6 8 9 10 12 13 14 15 | 15.8
Dodging        | 3 4 5 6 7 8 10 11 12 13 14 | 14.5
Maces & Flails | 1 2 3 4 |  4.8
Shields        | 1 2 3 5 7 8 10 11 12 14 15 | 15.3

Action                     |  1- 3 |  4- 6 |  7- 9 | 10-12 | 13-15 || total
---------------------------+-------+-------+-------+-------+-------++-------
  Melee: Hand axe          |    58 |     4 |       |       |       ||    62
         Headbutt          |    17 |    17 |    23 |    65 |   124 ||   246
         Mace              |       |   134 |   198 |       |       ||   332
         Punch             |       |     1 |       |       |       ||     1
         Broad axe         |       |       |     7 |   263 |   554 ||   824
 Invoke: Berserk           |     1 |       |     3 |     3 |     5 ||    12
         Trog's Hand       |       |       |     3 |     1 |     2 ||     6
         Brothers in Arms  |       |       |     1 |       |     1 ||     2
    Use: Scroll            |       |       |     7 |    11 |     9 ||    27
         Potion            |       |       |     2 |       |     3 ||     5
   Stab: Sleeping          |       |       |     1 |     5 |     7 ||    13
         Distracted        |       |       |       |     2 |    10 ||    12
         Petrified         |       |       |       |       |     1 ||     1
 Armour: Animal skin       |     5 |       |       |       |       ||     5
         Chain mail        |    26 |    46 |    55 |       |       ||   127
         Shadow dragon sca |       |       |       |   191 |   290 ||   481
  Dodge: Dodged            |    41 |    61 |    52 |   118 |   215 ||   487
  Block: Kite shield       |       |    17 |    61 |   151 |   164 ||   393
         Tower shield      |       |       |       |       |   301 ||   301

Table legend: (Time is in decaauts)
 A = Elapsed time spent in this place.
 B = Non-inter-level travel time spent in this place.
 C = Inter-level travel time spent in this place.
 D = Time resting spent in this place.
 E = Time spent auto-exploring this place.
 F = Levels seen in this place.
 G = Mean time per level.
                   A        B        C        D        E       F      G
               +--------+--------+--------+--------+--------+-----+--------+
         Total |  21710 |  19791 |   1919 |   3072 |  13196 |  26 |  835.0 |
       Dungeon |  12144 |  10889 |   1255 |   1502 |   7571 |  14 |  867.4 |
          Lair |   5841 |   5260 |    581 |    742 |   3819 |   5 | 1168.2 |
        Shoals |    757 |    757 |      0 |    332 |    215 |   2 |  378.5 |
   Spider Nest |    866 |    844 |     22 |     49 |    644 |   1 |  866.0 |
  Orcish Mines |   1532 |   1473 |     59 |    420 |    748 |   2 |  766.0 |
       Ossuary |    256 |    256 |      0 |      0 |    126 |   1 |  256.0 |
        Bailey |    312 |    312 |      0 |     26 |     72 |   1 |  312.0 |
               +--------+--------+--------+--------+--------+-----+--------+

Top non-repeatable levels by time:
  Lair:5: 1361 daAuts
  Lair:4: 1294 daAuts
     D:6: 1279 daAuts
  Lair:2: 1270 daAuts
    D:13: 1263 daAuts
    D:14: 1180 daAuts
  Lair:3: 1156 daAuts
    D:12: 1066 daAuts
   Orc:2: 955 daAuts
     D:3: 928 daAuts
    D:11: 916 daAuts
Spider:1: 866 daAuts
     D:7: 820 daAuts
    D:10: 819 daAuts
  Lair:1: 757 daAuts
